 Dungeon Crawl Stone Soup version 0.30-a0-782-ge64f9170bb (webtiles) character file.

Game seed: 4034735085572974383

33 cheesebisquit the Digger (level 3, 1/19 HPs)
             Began as a Gargoyle Earth Elementalist on Feb 18, 2023.
             Quit the game on level 2 of the Dungeon.
             The game lasted 00:02:30 (923 turns).

cheesebisquit the Digger (GrEE)                      Turns: 923, Time: 00:02:30

Health: 1/19       AC:  5    Str: 11    XL:     3   Next: 29%
Magic:  2/7        EV:  8    Int: 17    God:
Gold:   40         SH:  0    Dex: 10    Spells: 6/7 levels left

rFire   . . .      SeeInvis .    c - +0 war axe
rCold   . . .      Faith    .    (no shield)
rNeg    + . .      Spirit   .    a - +0 robe
rPois   ∞          Reflect  .    (no helmet)
rElec   +          Harm     .    (no cloak)
rCorr   .          Rampage  .    (no gloves)
Will    .....                    (no boots)
Stlth   ++                       (no amulet)
HPRegen 0.23/turn                (no ring)
MPRegen 0.10/turn                (no ring)

@: constricted
A: sickness immunity, AC +3, negative energy resistance 1, electricity
resistance, torment resistance 1, petrification resistance
a: no special abilities


You were on level 2 of the Dungeon.
You visited 1 branch of the dungeon, and saw 2 of its levels.

You collected 40 gold pieces.

Inventory:

Hand Weapons
 c - a +0 war axe (weapon)
Missiles
 g - 5 poisoned darts
Armour
 a - a +0 robe (worn)
Scrolls
 f - a scroll of noise {unknown}
 i - a scroll of immolation {unknown}
 j - a scroll of fear {unknown}
 l - a scroll of magic mapping {unknown}
Potions
 b - a potion of magic
 d - a potion of degeneration {unknown}
 e - a potion of curing {unknown}
 h - a potion of lignification {unknown}
 k - a potion of haste {unknown}


   Skills:
 - Level 1.5 Dodging
 - Level 2.1 Stealth
 + Level 2.7 Spellcasting
 - Level 0.7 Transmutations
 + Level 4.5 Earth Magic


You had 6 spell levels left.
You knew the following spells:

 Your Spells              Type           Power      Damage    Failure   Level
a - Sandblast             Erth           34%        2d9       2%          1

Your spell library contained the following spells:

 Spells                   Type           Power      Damage    Failure   Level
 Passwall                 Tmut/Erth      9%         N/A       10%         2
 Stone Arrow              Conj/Erth      20%        3d8       22%         3
 Petrify                  Tmut/Erth      11%        N/A       52%         4


Dungeon Overview and Level Annotations

Branches:
Dungeon (2/15)

Altars:

Annotations:
D:2 Robin


Innate Abilities, Weirdness & Mutations

You are immune to sickness and miasma.
Your stone body is resilient. (AC +3)
You are immune to poison.
You resist negative energy. (rN+)
You are resistant to electric shocks. (rElec)
You are resistant to unholy torment.
You are immune to petrification.


Message History

A hobgoblin comes into view.
The goblin closely misses you.
The ball python hisses angrily.
The blast of sand hits the goblin!
You kill the goblin!
A goblin comes into view. It is wielding a +0 dagger.
Robin roars a battlecry!
The goblins go into a battle-frenzy!
A goblin comes into view. It is wielding a +0 club.
A goblin comes into view. It is wielding a +0 dagger.
A goblin comes into view. It is wielding a +0 club.
The blast of sand hits the goblin.
You kill the goblin!
The goblin shouts!
Robin throws the goblin at you!
The blast of sand misses the goblin.
The goblin hits you with a +0 club. The goblin closely misses you.
The goblin completely misses you. The goblin closely misses you.
The goblin misses you.
The hobgoblin hits you but does no damage.
The goblin hits you but does no damage.
The blast of sand hits the goblin!
You kill the goblin!
The hobgoblin hits you but does no damage.
The goblin closely misses you. The ball python closely misses you.
The ball python misses you.
The blast of sand hits the goblin.
The goblin is heavily wounded.
The hobgoblin hits you. The goblin closely misses you.
The goblin hits you with a +0 club.
The ball python bites you but does no damage.
The ball python grabs you. The ball python constricts you.
The goblin hits you but does no damage. x3; The ball python barely misses you.
The ball python constricts you. The hobgoblin hits you.
* * * LOW HITPOINT WARNING * * *
The goblin hits you with a +0 dagger.
* * * LOW HITPOINT WARNING * * *
The goblin closely misses you. The goblin barely misses you.
Okay, then.
Okay, then.
Are you sure you want to abandon this character and quit the game? (Confirm with "yes".)

# .## .. #. #.##########
## ##..........## ..##
##............##.....
####.............gg.....
...#...........g@ggg....
##.............Sggg.....
................g.......
####<..†................
##...........(.......
##..................
##.###.#...........
#..##.#.........>. .....
.


You could see Robin, 2 hobgoblins, 7 goblins and a ball python.

Vanquished Creatures
  An adder (D:2)
  A dart slug (D:1)
  3 endoplasms (D:1)
  A giant cockroach (D:1)
  5 goblins
  A hobgoblin (D:1)
  A ball python (D:1)
  2 bats (D:1)
  A frilled lizard (D:1)
  A kobold (D:1)
  5 rats
22 creatures vanquished.

Notes
Turn   | Place    | Note
-------+----------+-------------------------------------------
     0 | D:1      | cheesebisquit the Gargoyle Earth Elementalist began the
                  | quest for the Orb.
     0 | D:1      | Reached XP level 1. HP: 10/10 MP: 3/3
   239 | D:1      | Reached XP level 2. HP: 15/15 MP: 1/5
   299 | D:1      | Reached skill level 4 in Earth Magic
   568 | D:1      | Found a faded altar of an unknown god.
   838 | D:2      | Reached XP level 3. HP: 19/19 MP: 2/7
   916 | D:2      | Noticed Robin
   923 | D:2      | Quit the game

Illustrated notes

Levels and vault maps discovered:
D:1:      dpeg_arrival_three_smaller_balls, layout_basic,
          shapermc_ecumenical_altar_pompeii
D:2:      layout_rooms, kennysheep_generic_room_2, uniq_jessica,
          uniq_crazy_yiuf_cottage, uniq_robin

Skill      XL: |  1  2 |
---------------+-------+-----
Earth Magic    | 4 |  4.5
Dodging        | |  1.5
Stealth        | |  2.1
Spellcasting   | |  2.7
Transmutations | |  0.7

Action                     || total
---------------------------++-------
   Cast: Sandblast         ||    28
 Armour: Robe              ||     9
  Dodge: Dodged            ||    12

Table legend: (Time is in decaauts)
 A = Elapsed time spent in this place.
 B = Non-inter-level travel time spent in this place.
 C = Inter-level travel time spent in this place.
 D = Time resting spent in this place.
 E = Time spent auto-exploring this place.
 F = Levels seen in this place.
 G = Mean time per level.
                   A        B        C        D        E       F      G
               +--------+--------+--------+--------+--------+-----+--------+
         Total |    936 |    880 |     56 |      0 |    754 |   2 |  468.0 |
       Dungeon |    936 |    880 |     56 |      0 |    754 |   2 |  468.0 |
               +--------+--------+--------+--------+--------+-----+--------+

Top non-repeatable levels by time:
     D:1: 841 daAuts
     D:2: 94 daAuts
